 Dungeon Crawl Stone Soup version 0.29-a0-459-g97dee8cd24 (webtiles) character file.

Game seed: 8348544363386899529

17626 croobank the Thaumaturge (level 12, 0/136 HPs)
             Began as a Gnoll Fire Elementalist on May 20, 2022.
             Succumbed to Amaemon's poison
             ... on level 2 of the Lair of Beasts.
             The game lasted 01:09:02 (15627 turns).

croobank the Thaumaturge (Gnoll Fire Elementalist) Turns: 15627, Time: 01:09:02

Health: 0/136      AC: 14    Str: 18    XL:     12   Next: 50%
Magic:  4/8        EV: 14    Int: 19    God:
Gold:   273        SH:  0    Dex: 13    Spells: 17/29 levels left

rFire   . . .      SeeInvis +   x - +3 war axe (antimagic)
rCold   + + .      Faith    .   (no shield)
rNeg    + . .      Spirit   .   O - +5 ring mail {rC+}
rPois   .          Reflect  .   D - +0 helmet
rElec   .          Harm     .   (no cloak)
rCorr   .          Rampage  .   A - +0 pair of gloves {hurl}
Will    .....      Rage     1%  (no boots)
Stlth   ..........              I - amulet of regeneration
HPRegen 1.12/turn               r - ring of Makhleb's Fury {*Corrode rN+ Str+6 SInv}
MPRegen 0.11/turn               W - ring of protection from cold

@: berserking (expiring), lethally poisoned (0 -> -21), weakened, very quick
A: fangs 1, strong nose, distributed training, berserk 1, strong 2
a: no special abilities


You were on level 2 of the Lair of Beasts.
You visited 3 branches of the dungeon, and saw 13 of its levels.
You also visited: Bailey.

You collected 825 gold pieces.
You spent 552 gold pieces at shops.

Inventory:

Hand Weapons
 a - a +3 spear of venom
 b - a +0 hunting sling of freezing
 u - a +0 vampiric long sword
 x - a +3 antimagic war axe (weapon)
 z - a +2 spectral club
 E - a +3 short sword
 J - a +5 morningstar
 N - a +2 mace of holy wrath
 P - a +4 falchion
 V - the +1 great sword of Niesut {flame, rF++ rC- rN+}
   (You took it off an orc on level 7 of the Dungeon)

   It burns those it strikes, dealing additional fire damage.
   Big, fiery blades are also staple armaments of hydra-hunters.
   rF:        It greatly protects you from fire.
   rC:        It makes you vulnerable to cold.
   rN:        It protects you from negative energy.
Missiles
 k - 528 stones
 t - 17 poisoned darts
 C - 2 throwing nets
Armour
 c - a +0 leather armour
 i - a +1 pair of gloves
 n - the +6 chain mail of the Slightly Bent {-Tele Will+++ Dex+4}
   (You found it on level 9 of the Dungeon)

   Dex:       It affects your dexterity (+4).
   -Tele:     It prevents most forms of teleportation.
   Will:      It greatly increases your willpower.
 s - a +0 robe
 A - a +0 pair of gloves of hurling (worn)
 D - a +0 helmet (worn)
 G - the +3 hat of Pondering {ponderous, Will+ MP+10 Int+5}
   (You took it off Gastronok on level 2 of the Lair of Beasts)

   Int:       It affects your intelligence (+5).
   MP:        It affects your magic capacity (+10).
   Will:      It increases your willpower.
 O - a +5 ring mail of cold resistance (worn)
Jewellery
 d - an amulet of faith
 r - the ring of Makhleb's Fury (left hand) {*Corrode rN+ Str+6 SInv}
   (You found it on level 2 of the Dungeon)

   [ring of positive energy]

   Str:       It affects your strength (+6).
   rN:        It protects you from negative energy.
   SInv:      It lets you see invisible.
   *Corrode:  It may corrode you when you take damage.
 I - an amulet of regeneration (around neck)
 T - a ring of protection from fire
 U - an amulet of the acrobat
 W - a ring of protection from cold (right hand)
Wands
 l - a wand of polymorph (5)
 w - a wand of charming (4)
 y - a wand of paralysis (10)
 H - a wand of iceblast (11)
Scrolls
 m - 10 scrolls of teleportation
 B - a scroll of blinking
 L - a scroll of fog
 Y - a scroll of poison
 Z - a scroll of fear
Potions
 e - 3 potions of curing
 f - 2 potions of attraction
 g - a potion of haste
 h - a potion of ambrosia
 j - 4 potions of invisibility
 o - 3 potions of brilliance
 p - 2 potions of flight {unknown}
 q - 3 potions of berserk rage {unknown}
 v - 3 potions of lignification {unknown}
 F - 2 potions of magic
 K - 3 potions of mutation
 M - a potion of might {unknown}
 Q - 2 potions of resistance
 S - a potion of cancellation {unknown}


   Skills:
 + Level 7.3 Fighting
 + Level 7.3 Short Blades
 + Level 7.3 Long Blades
 + Level 7.3 Axes
 + Level 7.3 Maces & Flails
 + Level 7.3 Polearms
 + Level 7.3 Staves
 + Level 7.3 Slings
 + Level 7.3 Bows
 + Level 7.3 Crossbows
 + Level 7.3 Throwing
 + Level 7.3 Armour
 + Level 8.7 Dodging
 + Level 8.5 Stealth
 + Level 7.3 Shields
 + Level 7.3 Unarmed Combat
 + Level 9.0 Spellcasting
 + Level 6.5 Conjurations
 + Level 6.1 Hexes
 + Level 6.1 Summonings
 + Level 6.1 Necromancy
 + Level 6.1 Translocations
 + Level 6.1 Transmutations
 + Level 8.3 Fire Magic
 + Level 6.1 Ice Magic
 + Level 6.1 Air Magic
 + Level 6.1 Earth Magic
 + Level 6.1 Poison Magic
 + Level 8.0 Invocations
 + Level 7.3 Evocations


You had 17 spell levels left.
You knew the following spells:

 Your Spells              Type           Power      Damage    Failure   Level
a - Foxfire               Conj/Fire      100%       2x1d9     1%          1
b - Scorch                Fire           80%        2d9       1%          2
c - Flame Wave            Conj/Fire      36%        2d9       6%          4
d - Summon Ice Beast      Ice/Summ       31%        N/A       11%         4
e - Necrotize             Necr           100%       1d9       1%          1

Your spell library contained the following spells:

 Spells                   Type           Power      Damage    Failure   Level
 Beastly Appendage        Tmut           62%        N/A       1%          1
 Wereblood                Tmut           31%        N/A       1%          2
 Conjure Flame            Conj/Fire      36%        6-21      1%          3
 Inner Flame              Hex/Fire       36%        N/A       1%          3
 Spider Form              Tmut/Pois      31%        N/A       3%          3
 Vampiric Draining        Necr           31%        2d8       3%          3
 Agony                    Necr           31%        N/A       30%         5
 Summon Mana Viper        Hex/Summ       31%        N/A       30%         5
 Monstrous Menagerie      Summ           15%        N/A       100%        7
 Chain Lightning          Conj/Air       16%        3d21      100%        9
 Fire Storm               Conj/Fire      18%        8d5       100%        9
 Shatter                  Erth           15%        3d15*     100%        9


Dungeon Overview and Level Annotations

Branches:
Dungeon (10/15)            Temple (1/1) D:5            Lair (2/6) D:10
 Bailey (visited)
  Swamp: Lair:2-4    Shoals: Lair:2-4     Snake: Lair:2-4    Spider: Lair:2-4
    Orc: D:9-12

Altars:
Ashenzari
Cheibriados
Dithmenos
Elyvilon
Fedhas
Gozag
Hepliaklqana
Kikubaaqudgha
Makhleb
Nemelex Xobeh
Okawaru
Qazlal
Ru
Sif Muna
Trog
Uskayaw
Vehumet
Wu Jian
Xom
Yredelemnul
Zin
The Shining One

Shops:
D:1 *:=[   D:6 [   D:9 !(*

Annotations:
Lair:2 exclusion: oklob plant, Amaemon


Innate Abilities, Weirdness & Mutations

You have very sharp teeth.
Your uncanny sense of smell can sniff out nearby items.
Your experience applies equally to all skills.
You tend to lose your temper in combat.
Your muscles are very strong. (Str +4)


Message History

Amaemon tail-slaps you.
You are poisoned.
Amaemon poisons you!
A red film seems to cover your vision as you go berserk!
You feel yourself moving faster!
You feel mighty!
You hit Amaemon but do no damage.
Amaemon is severely wounded.
You feel very sick.
Amaemon hits you with a +1 demon whip of venom!
* * * LOW HITPOINT WARNING * * *
Amaemon barely misses you.
Amaemon tail-slaps you but does no damage.
You hit Amaemon.
Amaemon's magic leaks into the air.
Amaemon is severely wounded.
You feel sick.
Amaemon hits you with a +1 demon whip of venom.
* * * LOW HITPOINT WARNING * * *
You are more poisoned.
Amaemon completely misses you. Amaemon barely misses you.
You are too berserk!
You closely miss Amaemon. You bite Amaemon.
Amaemon is severely wounded.
You feel very sick.
You closely miss Amaemon. You bite Amaemon.
Amaemon is severely wounded.
You feel very sick.
Amaemon hits you with a +1 demon whip of venom.
* * * LOW HITPOINT WARNING * * *
You are more poisoned.
Amaemon claws you.
* * * LOW HITPOINT WARNING * * *
Amaemon tail-slaps you.
* * * LOW HITPOINT WARNING * * *
You are more poisoned.
Amaemon poisons you!
Sorry, you're not good enough to have a special ability.
* * * LOW HITPOINT WARNING * * *
You feel very sick.
You feel a strong urge to attack something.
You die...

##...P# #.....# ##...## #
##...## ### #.....# #.. ##
##.<..# ##. ###≈# ###
#...## #. ##≈≈≈≈##.##
#...#######.
#≈≈≈.....@#####......[....
♣≈≈≈≈.....................
≈≈≈P≈..6#####.#...P#P.##..
≈≈≈≈≈....# ###...#######.
#♣≈P....## #...# #.
#♣♣♣#.P# #...# #. ####
#.#.## .. #....# # #....#


You could see Amaemon (magic disrupted).

Vanquished Creatures
  Gastronok (Lair:2)
  A catoblepas (Lair:2)
  Urug (D:10)
  A black mamba (Lair:1)
  An orange demon (Lair:2)
  3 cane toads
  An unseen horror (D:10)
  3 komodo dragons
  2 trolls (D:10)
  10 blink frogs (Lair:1)
  A shadow (D:10)
  Sigmund (D:4)
  14 yaks
  3 wyverns (D:10)
  3 basilisks
  A steam dragon (D:7)
  An acid dragon (D:10)
  9 water moccasins
  5 black bears
  5 orc warriors
  An ice beast (D:7)
  2 sky beasts (D:7)
  An ogre (D:7)
  4 wolves
  3 centaurs
  The ghost of jujuben the Sneak, an amateur OpEn (D:3)
  2 kobold brigands
  A necrophage (D:8)
  6 bullfrogs
  9 scorpions
  A gnoll sergeant (D:10)
  12 wights
  9 killer bees (D:8)
  5 electric eels
  6 howler monkeys
  2 jellies
  4 hounds
  A gnoll shaman (D:7)
  6 orc priests
  Ijyb (D:4)
  6 iguanas
  11 orc wizards
  Robin (D:4)
  10 adders
  10 gnolls
  2 shadow imps
  2 worms (D:2)
  2 dart slugs
  40 orcs
  8 ball pythons
  3 bats
  8 endoplasms
  A giant cockroach (D:2)
  18 goblins
  13 hobgoblins
  4 jackals
  5 quokkas
  4 frilled lizards
  15 kobolds
  6 rats
313 creatures vanquished.

Vanquished Creatures (collateral kills)
  A catoblepas (Lair:2)
  A gnoll (D:10)
  4 foxfires
6 creatures vanquished.

Vanquished Creatures (others)
  330 foxfires
  6 fungi
  23 plants
359 creatures vanquished.

Grand Total: 678 creatures vanquished

Notes
Turn   | Place    | Note
-------+----------+-------------------------------------------
     0 | D:1      | croobank the Gnoll Fire Elementalist began the quest for
                  | the Orb.
     0 | D:1      | Reached XP level 1. HP: 13/13 MP: 6/6
    32 | D:1      | Found Rychoini's Assorted Antiques.
   124 | D:1      | Found Jiedoism's Jewellery Boutique.
   138 | D:1      | Found Qidox's Book Shoppe.
   192 | D:1      | Reached XP level 2. HP: 19/19 MP: 2/7
   241 | D:1      | Learned a level 2 spell: Scorch
   354 | D:1      | Found Pycabej's Armour Boutique.
   694 | D:2      | Reached skill level 5 in Spellcasting
   694 | D:2      | Reached XP level 3. HP: 21/25 MP: 5/9
  1094 | D:3      | Reached skill level 1 in Invocations
  1160 | D:2      | Reached skill level 1 in Fighting
  1160 | D:2      | Reached skill level 1 in Short Blades
  1160 | D:2      | Reached skill level 1 in Long Blades
  1160 | D:2      | Reached skill level 1 in Axes
  1160 | D:2      | Reached skill level 1 in Maces & Flails
  1160 | D:2      | Reached skill level 1 in Polearms
  1160 | D:2      | Reached skill level 1 in Staves
  1160 | D:2      | Reached skill level 1 in Slings
  1160 | D:2      | Reached skill level 1 in Bows
  1160 | D:2      | Reached skill level 1 in Crossbows
  1160 | D:2      | Reached skill level 1 in Throwing
  1160 | D:2      | Reached skill level 1 in Armour
  1160 | D:2      | Reached skill level 1 in Shields
  1160 | D:2      | Reached skill level 1 in Unarmed Combat
  1160 | D:2      | Reached skill level 1 in Evocations
  1160 | D:2      | Reached XP level 4. HP: 30/32 MP: 3/11
  1418 | D:2      | Reached skill level 1 in Hexes
  1418 | D:2      | Reached skill level 1 in Summonings
  1418 | D:2      | Reached skill level 1 in Necromancy
  1418 | D:2      | Reached skill level 1 in Translocations
  1418 | D:2      | Reached skill level 1 in Transmutations
  1418 | D:2      | Reached skill level 1 in Ice Magic
  1418 | D:2      | Reached skill level 1 in Air Magic
  1418 | D:2      | Reached skill level 1 in Earth Magic
  1418 | D:2      | Reached skill level 1 in Poison Magic
  2051 | D:2      | Reached XP level 5. HP: 37/37 MP: 3/12
  2285 | D:2      | Identified the ring of Makhleb's Fury {*Corrode rN+ Str+6
                  | SInv}
  2469 | D:3      | Learned a level 4 spell: Flame Wave
  2744 | D:3      | Found a runed translucent gate.
  2746 | D:3      | Found a runed translucent gate.
  2748 | D:3      | Found a runed translucent gate.
  2748 | D:3      | Noticed jujuben's ghost (amateur OpEn)
  3440 | D:4      | Noticed Ijyb
  3440 | D:4      | Noticed a black bear
  3478 | D:4      | Reached XP level 6. HP: 35/44 MP: 4/13
  3575 | D:4      | Noticed Sigmund
  3732 | D:4      | Killed Ijyb
  3739 | D:4      | Killed a black bear
  3740 | D:4      | Reached skill level 5 in Dodging
  4077 | D:4      | Killed Sigmund
  4078 | D:4      | Reached XP level 7. HP: 51/51 MP: 9/15
  4140 | D:4      | Noticed Robin
  4179 | D:4      | Killed Robin
  4715 | D:5      | Entered Level 5 of the Dungeon
  4874 | D:5      | Reached skill level 5 in Stealth
  5197 | D:5      | Found a staircase to the Ecumenical Temple.
  5327 | Temple   | Entered the Ecumenical Temple
  6081 | D:6      | Reached XP level 8. HP: 51/57 MP: 9/16
  6298 | D:6      | Reached skill level 6 in Spellcasting
  6555 | D:6      | Found a basalt altar of Yredelemnul.
  6666 | D:6      | Found Betaem Dotz's Armour Emporium.
  6672 | D:6      | Bought a +3 ring mail of cold resistance for 312 gold
                  | pieces
  6902 | D:7      | Found a snail-covered altar of Cheibriados.
  6938 | D:7      | Found an ancient bone altar of Kikubaaqudgha.
  6987 | D:7      | Reached XP level 9. HP: 65/65 MP: 12/18
  7273 | D:7      | Found a flagged portal.
  7278 | Bailey   | Entered a bailey
  7347 | Bailey   | Noticed an orc warlord
  7413 | Bailey   | Learned a level 4 spell: Summon Ice Beast
  7461 | Bailey   | Found a runed translucent gate.
  7463 | Bailey   | Found a runed translucent gate.
  7465 | Bailey   | Found a runed translucent gate.
  8030 | D:7      | Found an opulent altar of Gozag.
  8060 | D:6      | Identified the +1 great sword of Niesut {flame, rF++ rC-
                  | rN+}
  8220 | D:7      | Reached skill level 5 in Invocations
  8815 | D:3      | Killed jujuben's ghost
  8841 | D:3      | Identified a scroll of acquirement
  8841 | D:3      | Acquired a +0 pair of gloves of hurling
  9716 | D:8      | Reached skill level 7 in Spellcasting
  9716 | D:8      | Reached XP level 10. HP: 73/73 MP: 18/20
  9737 | D:8      | Reached skill level 5 in Fighting
  9737 | D:8      | Reached skill level 5 in Short Blades
  9737 | D:8      | Reached skill level 5 in Long Blades
  9737 | D:8      | Reached skill level 5 in Axes
  9737 | D:8      | Reached skill level 5 in Maces & Flails
  9737 | D:8      | Reached skill level 5 in Polearms
  9737 | D:8      | Reached skill level 5 in Staves
  9737 | D:8      | Reached skill level 5 in Slings
  9737 | D:8      | Reached skill level 5 in Bows
  9737 | D:8      | Reached skill level 5 in Crossbows
  9737 | D:8      | Reached skill level 5 in Throwing
  9737 | D:8      | Reached skill level 5 in Armour
  9737 | D:8      | Reached skill level 5 in Shields
  9737 | D:8      | Reached skill level 5 in Unarmed Combat
  9737 | D:8      | Reached skill level 5 in Evocations
  9930 | D:8      | Found a shimmering altar of Xom.
  9931 | D:8      | Noticed an angel
  9933 | D:8      | Found a glowing silver altar of Zin.
 10403 | D:8      | Reached skill level 5 in Conjurations
 10897 | D:9      | Gained mutation: Your muscles are strong. (Str +2) [potion
                  | of mutation]
 10897 | D:9      | Gained mutation: You tend to lose your temper in combat.
                  | [potion of mutation]
 10897 | D:9      | Gained mutation: Your muscles are very strong. (Str +4)
                  | [potion of mutation]
 10899 | D:9      | Found Wibesm's Assorted Antiques.
 10918 | D:9      | Identified the +6 chain mail of the Slightly Bent {-Tele
                  | Will+++ Dex+4}
 11318 | D:9      | Found Rounat's Distillery.
 11319 | D:9      | Found Coudgh's Weapon Shoppe.
 11323 | D:9      | Bought a potion of heal wounds for 80 gold pieces
 11323 | D:9      | Bought a potion of resistance for 160 gold pieces
 11488 | D:10     | Entered Level 10 of the Dungeon
 11488 | D:10     | Found a broken altar of Ashenzari.
 11699 | D:10     | Found a staircase to the Lair.
 11725 | D:10     | Reached XP level 11. HP: 81/81 MP: 20/22
 11935 | D:9      | Reached skill level 5 in Hexes
 11935 | D:9      | Reached skill level 5 in Summonings
 11935 | D:9      | Reached skill level 5 in Necromancy
 11935 | D:9      | Reached skill level 5 in Translocations
 11935 | D:9      | Reached skill level 5 in Transmutations
 11935 | D:9      | Reached skill level 5 in Ice Magic
 11935 | D:9      | Reached skill level 5 in Air Magic
 11935 | D:9      | Reached skill level 5 in Earth Magic
 11935 | D:9      | Reached skill level 5 in Poison Magic
 12141 | D:10     | Reached skill level 8 in Spellcasting
 12227 | D:10     | Noticed Urug
 12242 | D:10     | Found a bloodstained altar of Trog.
 12258 | D:10     | Killed Urug
 13029 | D:10     | Found a white marble altar of Elyvilon.
 13064 | D:10     | Found a hazy altar of Hepliaklqana.
 13289 | Lair:1   | Entered Level 1 of the Lair of Beasts
 14136 | Lair:1   | Reached XP level 12. HP: 84/89 MP: 3/24
 14694 | Lair:2   | Noticed Gastronok
 14729 | Lair:2   | Killed Gastronok
 14814 | Lair:2   | Noticed a catoblepas
 14853 | Lair:2   | Killed a catoblepas
 15364 | Lair:2   | Learned a level 1 spell: Necrotize
 15416 | Lair:2   | Noticed a catoblepas
 15433 | Lair:2   | Killed a catoblepas
 15434 | Lair:2   | Reached skill level 9 in Spellcasting
 15587 | Lair:2   | Noticed Amaemon
 15626 | Lair:2   | HP: 3/136 [poisoned by Amaemon]
 15627 | Lair:2   | Succumbed to Amaemon's poison

Illustrated notes

Levels and vault maps discovered:
D:1:      minmay_arrival_checkered_box, layout_basic, serial_shops,
          nicolae_shop_waterfront, nicolae_square_shop, nicolae_lakefront_shop,
          shop
D:2:      cheibrodos_pilgrimage, layout_loops_corners
D:3:      layout_basic, gammafunk_ghost_split
D:4:      layout_rooms, st_stairs_9, saegor_snake_ambush, uniq_robin,
          uniq_sigmund, uniq_ijyb
D:5:      layout_cave_pods, minmay_temple_entry_sparse_star, bh_walls_and_bars
D:6:      wander_river, layout_cave_pools, mainiacjoe_overflow_alcove_2,
          serial_shops, nicolae_diamond_shop, water_boxes_lemuel
D:7:      layout_layer_cave, kennysheep_mini_moat,
          mainiacjoe_overflow_catwalk_spiral, enter_bailey_3
D:8:      layout_basic, grunt_temple_overflow_order_and_chaos_1,
          minmay_crystal_water, kennysheep_another_room
D:9:      layout_rooms, serial_shops, shop, nicolae_shop_overgrown_old_shop,
          shop, kennysheep_generic_room_13
D:10:     layout_grid_maze, nicolae_hepliaklqana_hippocampus,
          nicolae_elyvilon_temple_path,
          mainiacjoe_overflow_concentric_impassable, trog_butcher_becter,
          minmay_lair_entry_grove, statue_in_the_mist_lemuel,
          chequers_serial_rivers_room_b, feat_on_display, uniq_urug
Temple:   minmay_temple_bridge_abc
Lair:1:   layout_chaotic_city, serial_bayou_shore_b, grunt_megastairs_3
Lair:2:   minmay_lair_oklob_chamber, layout_concentric_octagons,
          serial_bayou_shore_b, uniq_amaemon, uniq_nergalle, uniq_gastronok

Skill      XL: |  1  2  3  4  5  6  7  8  9 10 11 12 |
---------------+-------------------------------------+-----
Conjurations   | 2 3 4 5 6 |  6.5
Spellcasting   | 5 6 7 8 9 |  9.0
Invocations    | 1 2 3 4 5 6 7 8 |  8.0
Fighting       | 1 2 3 4 5 6 7 |  7.3
Short Blades   | 1 2 3 4 5 6 7 |  7.3
Long Blades    | 1 2 3 4 5 6 7 |  7.3
Axes           | 1 2 3 4 5 6 7 |  7.3
Maces & Flails | 1 2 3 4 5 6 7 |  7.3
Polearms       | 1 2 3 4 5 6 7 |  7.3
Staves         | 1 2 3 4 5 6 7 |  7.3
Slings         | 1 2 3 4 5 6 7 |  7.3
Bows           | 1 2 3 4 5 6 7 |  7.3
Crossbows      | 1 2 3 4 5 6 7 |  7.3
Throwing       | 1 2 3 4 5 6 7 |  7.3
Armour         | 1 2 3 4 5 6 7 |  7.3
Shields        | 1 2 3 4 5 6 7 |  7.3
Unarmed Combat | 1 2 3 4 5 6 7 |  7.3
Evocations     | 1 2 3 4 5 6 7 |  7.3
Hexes          | 1 2 3 4 5 6 |  6.1
Summonings     | 1 2 3 4 5 6 |  6.1
Necromancy     | 1 2 3 4 5 6 |  6.1
Translocations | 1 2 3 4 5 6 |  6.1
Transmutations | 1 2 3 4 5 6 |  6.1
Ice Magic      | 1 2 3 4 5 6 |  6.1
Air Magic      | 1 2 3 4 5 6 |  6.1
Earth Magic    | 1 2 3 4 5 6 |  6.1
Poison Magic   | 1 2 3 4 5 6 |  6.1
Dodging        | 5 6 7 8 |  8.7
Stealth        | 5 6 7 8 |  8.5
Fire Magic     | 6 7 8 |  8.3

Action                   |  1- 3 |  4- 6 |  7- 9 | 10-12 || total
-------------------------+-------+-------+-------+-------++-------
Melee: Unarmed           |    10 |       |       |     8 ||    18
       Punch             |     1 |       |     1 |     6 ||     8
       Trident           |       |     1 |       |       ||     1
       Spear             |       |    15 |   134 |       ||   149
       Bite              |       |       |    17 |    50 ||    67
       Great sword       |       |       |    20 |   314 ||   334
       Club              |       |       |       |     5 ||     5
       War axe           |       |       |       |    64 ||    64
 Cast: Foxfire           |    11 |    27 |    86 |    75 ||   199
       Scorch            |    21 |    43 |    91 |   110 ||   265
       Flame Wave        |       |       |       |    15 ||    15
       Summon Ice Beast  |       |       |       |     1 ||     1
       Necrotize         |       |       |       |     1 ||     1
Evoke: Wand              |       |       |     1 |     7 ||     8
  Use: Scroll            |       |     6 |    12 |    10 ||    28
       Potion            |       |       |     2 |     9 ||    11
 Stab: Sleeping          |       |     1 |     1 |     1 ||     3
       Paralysed         |       |       |       |     7 ||     7
       Distracted        |       |       |       |     1 ||     1
Armor: Robe              |     4 |    18 |    17 |       ||    39
       Ring mail         |       |       |    48 |   239 ||   287
       Skin              |       |       |       |     3 ||     3
Dodge: Dodged            |    21 |    23 |   151 |   417 ||   612

Table legend: (Time is in decaauts)
 A = Elapsed time spent in this place.
 B = Non-inter-level travel time spent in this place.
 C = Inter-level travel time spent in this place.
 D = Time resting spent in this place.
 E = Time spent auto-exploring this place.
 F = Levels seen in this place.
 G = Mean time per level.
                   A        B        C        D        E       F      G
               +--------+--------+--------+--------+--------+-----+--------+
         Total |  15817 |  14642 |   1175 |   2481 |   9247 |  14 | 1129.8 |
       Dungeon |  13178 |  12140 |   1038 |   1941 |   7934 |  10 | 1317.8 |
        Temple |    194 |    171 |     23 |      0 |    167 |   1 |  194.0 |
          Lair |   2210 |   2098 |    112 |    509 |   1115 |   2 | 1105.0 |
        Bailey |    234 |    234 |      0 |     31 |     31 |   1 |  234.0 |
               +--------+--------+--------+--------+--------+-----+--------+

Top non-repeatable levels by time:
     D:7: 2022 daAuts
    D:10: 1642 daAuts
     D:3: 1543 daAuts
     D:2: 1445 daAuts
     D:8: 1374 daAuts
  Lair:1: 1323 daAuts
     D:5: 1317 daAuts
     D:4: 1277 daAuts
     D:6: 1061 daAuts
  Lair:2: 886 daAuts
     D:9: 859 daAuts
     D:1: 633 daAuts
  Bailey: 234 daAuts
  Temple: 194 daAuts
